 Dungeon Sprint DCSS version 0.29-a0-284-gf9362112df (webtiles) character file.

Game seed: 5811724604287458499

38510 mhtbhm the Minotaur Porcupine (level 13, -27/231 HPs)
             Began as a Minotaur Berserker on Mar 25, 2022.
             Was the Champion of Trog.
             Killed from afar by an ancient lich (62 damage)
             ... with a bolt of acid
             ... in the Dungeon (Sprint VII: "The Pits").
             The game lasted 00:09:51 (4414 turns).

mhtbhm the Minotaur Porcupine (Minotaur Berserker)  Turns: 4414, Time: 00:09:51

Health: -27/231    AC: 26    Str: 30    XL:     13   Next: 64%
Magic:  7/12       EV: 15    Int:  4    God:    Trog [******]
Gold:   46         SH:  0    Dex: 13    Spells: 12/12 levels left

rFire   + . .      SeeInvis .   a - +10 bardiche of Mutilation {vorpal, rF+ Will+ Str+4 Dex+2}
rCold   . . .      Faith    .   (shield currently unavailable)
rNeg    . . .      Spirit   .   b - +3 plate armour {Will+}
rPois   .          Reflect  .   (helmet restricted)
rElec   .          Harm     .   (no cloak)
rCorr   .          Rampage  .   (no gloves)
Will    ++...      NoTele   +   u - +0 pair of boots
Stlth   ..........              t - amulet of regeneration
HPRegen 1.28/turn               k - +3 ring of evasion
MPRegen 0.13/turn               m - +3 ring of protection

@: berserking, slowed
A: horns 2, retaliatory headbutt
a: Renounce Religion, Berserk, Trog's Hand, Brothers in Arms


You were in the Dungeon.
You worshipped Trog.
Trog was exalted by your worship.
You visited 1 branch You collected 46 gold pieces.

Inventory:

Hand Weapons
 a - the +10 bardiche of Mutilation (weapon) {vorpal, rF+ Will+ Str+4 Dex+2}
   (You acquired it in the Dungeon)

   It inflicts extra damage upon your enemies.
   Str:       It affects your strength (+4).
   Dex:       It affects your dexterity (+2).
   rF:        It protects you from fire.
   Will:      It increases your willpower.
 h - a +8 glaive of flaming
Missiles
 n - 3 curare-tipped darts (quivered)
 x - 6 boomerangs
 y - 2 silver javelins
Armour
 b - a +3 plate armour of willpower (worn)
 u - a +0 pair of boots (worn)
Jewellery
 k - a +3 ring of evasion (left hand)
 m - a +3 ring of protection (right hand)
 s - a ring of willpower
 t - an amulet of regeneration (around neck)
Scrolls
 j - 2 scrolls of blinking
 o - 4 scrolls of enchant weapon
 p - 2 scrolls of fear
 q - 4 scrolls of enchant armour
 z - a scroll of magic mapping
Potions
 c - 10 potions of curing
 d - 3 potions of heal wounds
 e - a potion of haste
 f - 4 potions of magic
 g - 5 potions of berserk rage
 i - a potion of invisibility
 l - 5 potions of might
Miscellaneous
 v - a phantom mirror
 A - a condenser vane


   Skills:
 + Level 25.5 Fighting
 O Level 27 Polearms
 + Level 19.5 Armour
 + Level 8.7 Dodging
 + Level 7.0 Stealth
 + Level 2.0 Evocations


You had 12 spell levels left.
You didn't know any spells.
Your spell library was empty.

Dungeon Overview and Level Annotations

Branches:
Dungeon (1/1)

Altars:
Ashenzari
Cheibriados
Dithmenos
Elyvilon
Fedhas
Gozag
Hepliaklqana
Kikubaaqudgha
Makhleb
Nemelex Xobeh
Okawaru
Qazlal
Ru
Sif Muna
Trog
Uskayaw
Vehumet
Wu Jian
Xom
Yredelemnul
Zin
The Shining One
Beogh
Jiyva
Lugonu


Innate Abilities, Weirdness & Mutations

You have a pair of horns on your head.
You reflexively headbutt those who attack you in melee.


Message History

[Y]es or [N]o only, please.
Really walk into that cloud of flame? [Y]es or [N]o only, please.
Really walk into that cloud of flame?
Okay, then.
Reach: a) +10 bardiche of Mutilation {vorpal, rF+ Will+ Str+4 Dex+2}
Press: ? - help, Dir - move target, f - Ice Fiend
Aim: an Ice Fiend (flame, heavily wounded, about 14% to evade the +10 bardiche of Mutilation)
You reach to attack!
You hit the Ice Fiend but do no damage.
The Ice Fiend is heavily wounded.
Something touches you!
* * * LOW HITPOINT WARNING * * *
Deactivating autopickup; reactivate with Ctrl-A.
Reach: a) +10 bardiche of Mutilation {vorpal, rF+ Will+ Str+4 Dex+2}
Press: ? - help, Dir - move target, f/p - Ice Fiend
Aim: an Ice Fiend (flame, heavily wounded, about 14% to evade the +10 bardiche of Mutilation)
Something you can't see is in the way.
You slice something like a ripe choko!!!
Your headbutt misses something.
Something touches you but does no damage.
The Ice Fiend is engulfed in blazing flames.
The Ice Fiend calls on the powers of darkness!
Your body is wracked with pain!
* * * LOW HITPOINT WARNING * * *
Reach: a) +10 bardiche of Mutilation {vorpal, rF+ Will+ Str+4 Dex+2}
Press: ? - help, Dir - move target, f/p - Ice Fiend
Aim: an Ice Fiend (flame, heavily wounded, about 14% to evade the +10 bardiche of Mutilation)
Something you can't see is in the way.
You slice something like a ripe choko!!!
Your headbutt misses something.
Something touches you but does no damage.
Reach: a) +10 bardiche of Mutilation {vorpal, rF+ Will+ Str+4 Dex+2}
Press: ? - help, Dir - move target, f/p - Ice Fiend
Aim: an Ice Fiend (flame, heavily wounded, about 14% to evade the +10 bardiche of Mutilation)
Something you can't see is in the way.
You completely miss something. You headbutt something!!
You hear some strange, mumbled words.
A bolt of acid appears from out of thin air!
The bolt of acid hits you!!!
You die...

#+#
##§##
§.§
§☼§
#1#
#{#
#@#
#'#
#.#
#†#
#)#
#'#
#.#
#'#
#.#


You could see an Ice Fiend.

Vanquished Creatures
  2 royal mummies (D)
  A curse toe (D)
  2 Tzitzimimeh (D)
  A lich (D)
  A rockslime (D)
  An iron dragon (D)
  A ghost moth (D)
  An emperor scorpion (D)
  A spriggan defender (D)
  An apis (D)
  A purple draconian (D)
  A yellow draconian (D)
  A merfolk javelineer (D)
  A great orb of eyes (D)
  An ogre mage (D)
  A merfolk avatar (D)
  An alligator snapping turtle (D)
  Erica (D)
  A deep troll shaman (D)
  Sonja (D)
  A shadow wraith (D)
  A sun demon (D)
  A sixfirhy (D)
  A deep troll (D)
  A flayed ghost (D)
  A deep elf zephyrmancer (D)
  An eye of devastation (D)
  2 guardian serpents (D)
  An elephant (D)
  2 smoke demons (D)
  Psyche (D)
  A rime drake (D)
  A demonic crawler (D)
  A komodo dragon (D)
  An unseen horror (D)
  A kobold demonologist (D)
  A komodo dragon (shapeshifter) (D)
  An ice devil (D)
  A polar bear (D)
  3 trolls (D)
  A wandering mushroom (D)
  A wind drake (shapeshifter) (D)
  3 tarantellas (D)
  A tyrant leech (D)
  A snapping turtle (D)
  4 blink frogs (D)
  2 jumping spiders (D)
  A spriggan (D)
  An air elemental (D)
  A flying skull (D)
  2 fire bats (D)
  3 redbacks (D)
  3 vampire mosquitoes (D)
  Menkaure (D)
  A warg (D)
  An acid dragon (D)
  A floating eye (D)
  A swamp drake (D)
  An orc warrior (D)
  2 centaurs (D)
  2 ogres (D)
  A phantom (D)
  2 kobold brigands (D)
  A gnoll sergeant (D)
  A bullfrog (D)
  An earth elemental (D)
  A crimson imp (D)
  A quasit (D)
  4 orc priests (D)
  An iguana (D)
  5 orc wizards (D)
  A hell rat (D)
  A small abomination (D)
  7 gnolls (D)
  A river rat (D)
  A worm (D)
  16 orcs (D)
  A bat skeleton (D)
  A bat zombie (D)
  2 hobgoblins (D)
  A kobold (D)
  A quokka (D)
  2 ball python simulacra (D)
  2 bats (D)
  A quokka skeleton (D)
136 creatures vanquished.

Vanquished Creatures (collateral kills)
  Saint Roka (D)
  An apis (D)
  An eidolon (D)
  2 iron trolls (D)
  3 merfolk (D)
  A wyvern (D)
  A basilisk (D)
  A redback (D)
  2 orcs (D)
13 creatures vanquished.

Grand Total: 149 creatures vanquished

Notes
Turn   | Place    | Note
-------+----------+-------------------------------------------
     0 | D        | mhtbhm the Minotaur Berserker began the quest for the Orb.
     0 | D        | Reached XP level 1. HP: 19/19 MP: 0/0
    19 | D        | Reached skill level 4 in Polearms
   129 | D        | Found a bloodstained altar of Trog.
   129 | D        | Found a shimmering blue altar of Sif Muna.
   129 | D        | Found a viscous altar of Jiyva.
   129 | D        | Found a hazy altar of Hepliaklqana.
   129 | D        | Found an opulent altar of Gozag.
   130 | D        | Found a glowing golden altar of the Shining One.
   130 | D        | Found a glowing silver altar of Zin.
   130 | D        | Found a basalt altar of Yredelemnul.
   130 | D        | Found a shimmering altar of Xom.
   130 | D        | Found an ornate altar of the Wu Jian Council.
   130 | D        | Found a sacrificial altar of Ru.
   130 | D        | Found a stormy altar of Qazlal.
   130 | D        | Found an iron altar of Okawaru.
   130 | D        | Found a sparkling altar of Nemelex Xobeh.
   130 | D        | Found a burning altar of Makhleb.
   130 | D        | Found a blossoming altar of Fedhas.
   130 | D        | Found a white marble altar of Elyvilon.
   130 | D        | Found a shadowy altar of Dithmenos.
   130 | D        | Found a snail-covered altar of Cheibriados.
   132 | D        | Found a radiant altar of Vehumet.
   132 | D        | Found a corrupted altar of Lugonu.
   133 | D        | Found a hide-covered altar of Uskayaw.
   133 | D        | Found an ancient bone altar of Kikubaaqudgha.
   133 | D        | Found a broken altar of Ashenzari.
   257 | D        | Noticed a floating eye
   262 | D        | Killed a floating eye
   263 | D        | Reached skill level 7 in Polearms
   263 | D        | Reached XP level 2. HP: 23/35 MP: 1/1
   263 | D        | Reached XP level 3. HP: 26/40 MP: 2/2
   263 | D        | Reached XP level 4. HP: 32/48 MP: 3/3
   264 | D        | Reached ** piety under Trog
   265 | D        | Reached skill level 8 in Polearms
   377 | D        | Reached *** piety under Trog
   390 | D        | Reached XP level 5. HP: 22/53 MP: 4/4
   627 | D        | Noticed Menkaure
   645 | D        | Reached **** piety under Trog
   646 | D        | Reached skill level 9 in Polearms
   646 | D        | Reached skill level 1 in Stealth
   653 | D        | Reached ***** piety under Trog
   654 | D        | Reached skill level 10 in Polearms
   660 | D        | Reached skill level 5 in Armour
   663 | D        | Killed Menkaure
   663 | D        | Received a gift from Trog
   664 | D        | Reached skill level 10 in Fighting
   664 | D        | Reached skill level 11 in Polearms
   664 | D        | Reached skill level 5 in Dodging
   664 | D        | Reached XP level 6. HP: 67/67 MP: 5/5
   673 | D        | Reached skill level 12 in Polearms
   775 | D        | Noticed an ogre mage
   780 | D        | Killed an ogre mage
   780 | D        | Reached ****** piety under Trog
   780 | D        | Received a gift from Trog
   781 | D        | Reached skill level 14 in Polearms
   781 | D        | Reached XP level 7. HP: 75/77 MP: 6/6
   781 | D        | Reached XP level 8. HP: 80/83 MP: 7/7
   797 | D        | Reached skill level 15 in Polearms
   819 | D        | Identified the +1 glaive "Fulioq" {vorpal, Contam rElec
                  | Will++ Dex+4} (Trog gifted it to you in the Dungeon)
   819 | D        | Received a gift from Trog
  1010 | D        | Noticed a flying skull
  1010 | D        | Noticed an ice devil
  1012 | D        | Killed a flying skull
  1023 | D        | Killed an ice devil
  1024 | D        | Reached skill level 16 in Polearms
  1268 | D        | Noticed a sixfirhy
  1282 | D        | Killed a sixfirhy
  1283 | D        | Reached skill level 17 in Polearms
  1283 | D        | Reached XP level 9. HP: 72/94 MP: 8/8
  1287 | D        | Reached skill level 18 in Polearms
  1463 | D        | Noticed an alligator snapping turtle
  1465 | D        | Noticed a tyrant leech
  1476 | D        | Received a gift from Trog
  1482 | D        | Killed a tyrant leech
  1483 | D        | Reached skill level 10 in Armour
  1486 | D        | Killed an alligator snapping turtle
  1487 | D        | Reached skill level 19 in Polearms
  1753 | D        | Noticed a smoke demon
  1753 | D        | Noticed a deep elf zephyrmancer
  1758 | D        | Killed a deep elf zephyrmancer
  1759 | D        | Reached skill level 15 in Fighting
  1759 | D        | Reached XP level 10. HP: 104/105 MP: 9/9
  1768 | D        | Killed a smoke demon
  1769 | D        | Reached skill level 20 in Polearms
  1903 | D        | Noticed Psyche
  1909 | D        | Received a gift from Trog
  1913 | D        | Killed Psyche
  1947 | D        | Noticed Sonja
  1949 | D        | Killed Sonja
  1956 | D        | Reached skill level 21 in Polearms
  2038 | D        | Noticed a guardian serpent
  2042 | D        | Killed a guardian serpent
  2042 | D        | Received a gift from Trog
  2277 | D        | Noticed a yellow draconian
  2278 | D        | Noticed a merfolk avatar
  2293 | D        | Killed a yellow draconian
  2301 | D        | Killed a merfolk avatar
  2302 | D        | Reached XP level 11. HP: 53/116 MP: 10/10
  2302 | D        | Received a gift from Trog
  2531 | D        | Reached skill level 22 in Polearms
  2535 | D        | Received a gift from Trog
  2545 | D        | Received a gift from Trog
  2552 | D        | Received a gift from Trog
  3063 | D        | Received a gift from Trog
  3080 | D        | Reached skill level 15 in Armour
  3097 | D        | Noticed an emperor scorpion
  3105 | D        | Killed an emperor scorpion
  3108 | D        | Killed a shadow wraith
  3210 | D        | Received a gift from Trog
  3216 | D        | Reached skill level 23 in Polearms
  3269 | D        | Noticed a royal mummy
  3270 | D        | Noticed a death scarab
  3270 | D        | Noticed a death scarab
  3277 | D        | Noticed a death scarab
  3277 | D        | Noticed a death scarab
  3280 | D        | Killed a royal mummy
  3281 | D        | Reached skill level 5 in Stealth
  3508 | D        | Noticed Saint Roka
  3520 | D        | Killed Saint Roka
  3521 | D        | Reached skill level 24 in Polearms
  3521 | D        | Reached XP level 12. HP: 95/133 MP: 11/11
  3524 | D        | Received a gift from Trog
  3628 | D        | Noticed a deep troll shaman
  3632 | D        | Noticed a merfolk javelineer
  3635 | D        | Killed a deep troll shaman
  3645 | D        | Killed a merfolk javelineer
  3645 | D        | Received a gift from Trog
  3650 | D        | Noticed an eidolon
  3669 | D        | Noticed an apis
  3673 | D        | Killed an eidolon
  3675 | D        | Received a gift from Trog
  3676 | D        | Reached skill level 25 in Polearms
  3681 | D        | Killed an apis
  3685 | D        | Noticed a great orb of eyes
  3691 | D        | Received a gift from Trog
  3695 | D        | Killed a great orb of eyes
  3759 | D        | Received a gift from Trog
  3805 | D        | Noticed Erica
  3807 | D        | Reached XP level 13. HP: 98/146 MP: 12/12
  3810 | D        | Killed Erica
  3811 | D        | Reached skill level 26 in Polearms
  3811 | D        | Reached skill level 1 in Evocations
  3821 | D        | Received a gift from Trog
  4060 | D        | Acquired the +10 bardiche of Mutilation {vorpal, rF+ Will+
                  | Str+4 Dex+2}
  4172 | D        | Noticed a lich
  4180 | D        | Killed a lich
  4187 | D        | Noticed a royal mummy
  4192 | D        | Killed a royal mummy
  4215 | D        | Noticed a Tzitzimitl
  4220 | D        | Killed a Tzitzimitl
  4377 | D        | Noticed an iron dragon
  4382 | D        | Killed an iron dragon
  4382 | D        | Received a gift from Trog
  4383 | D        | Reached skill level 27 in Polearms
  4390 | D        | Noticed a curse toe
  4396 | D        | Killed a curse toe
  4399 | D        | Noticed an ancient lich
  4399 | D        | Noticed a spriggan defender
  4399 | D        | Noticed an Ice Fiend
  4399 | D        | Noticed an apis
  4399 | D        | Noticed a purple draconian
  4399 | D        | Noticed a Tzitzimitl
  4399 | D        | Noticed a rockslime
  4401 | D        | Killed a spriggan defender
  4402 | D        | Killed a purple draconian
  4402 | D        | Killed a ghost moth
  4404 | D        | Killed an apis
  4406 | D        | Killed a rockslime
  4410 | D        | Killed a Tzitzimitl
  4410 | D        | Received a gift from Trog
  4414 | D        | Killed from afar by an ancient lich

Illustrated notes

Levels and vault maps discovered:
D:        pitsprint [storerooms_1, entrance_room_1, metal_vault_5, armoury_2,
          mini_pit_1, grid_room_1, main_hall_1, silver_pit, the_coven_1,
          the_vestibule_1, steel_vault_4, golden_pit, hallway_of_sentries,
          crystal_vault_2, iron_vault_2, final_vault]

Skill      XL: |  1  2  3  4  5  6  7  8  9 10 11 12 13 |
---------------+----------------------------------------+-----
Fighting       | 7 8 10 12 13 15 16 20 22 25 | 25.5
Polearms       | 7 8 11 14 17 19 21 24 25 27 | 27.0
Armour         | 4 5 7 8 10 13 16 18 19 | 19.5
Dodging        | 3 4 5 6 7 8 |  8.7
Stealth        | 1 2 5 6 7 |  7.0
Evocations     | 2 |  2.0

Action                   |  1- 3 |  4- 6 |  7- 9 | 10-12 | 13-15 || total
-------------------------+-------+-------+-------+-------+-------++-------
Melee: Trident           |     5 |    54 |       |       |       ||    59
       Spear             |     4 |       |       |       |       ||     4
       Headbutt          |       |    11 |     8 |    46 |    11 ||    76
       Halberd           |       |     6 |    28 |       |       ||    34
       Glaive            |       |       |    47 |   241 |     8 ||   296
       Bardiche          |       |       |       |       |    36 ||    36
Invok: Berserk           |     1 |     1 |     3 |     5 |     2 ||    12
       Brothers in Arms  |       |       |       |     3 |       ||     3
Evoke: Phantom mirror    |       |       |       |     1 |       ||     1
       Condenser vane    |       |       |       |       |     1 ||     1
  Use: Scroll            |       |       |     1 |     1 |     1 ||     3
       Potion            |       |       |       |     7 |     4 ||    11
 Stab: Invisible         |       |       |       |     4 |       ||     4
       Distracted        |       |       |       |     1 |       ||     1
Armor: Animal skin       |     1 |     2 |       |       |       ||     3
       Chain mail        |       |    27 |    23 |    28 |       ||    78
       Plate armour      |       |       |       |    62 |    11 ||    73
Dodge: Dodged            |     5 |    25 |    24 |   113 |    10 ||   177

Table legend: (Time is in decaauts)
 A = Elapsed time spent in this place.
 B = Non-inter-level travel time spent in this place.
 C = Inter-level travel time spent in this place.
 D = Time resting spent in this place.
 E = Time spent auto-exploring this place.
 F = Levels seen in this place.
 G = Mean time per level.
                   A        B        C        D        E       F      G
               +--------+--------+--------+--------+--------+-----+--------+
         Total |   4431 |   4431 |      0 |   3113 |     43 |   1 | 4431.0 |
       Dungeon |   4431 |   4431 |      0 |   3113 |     43 |   1 | 4431.0 |
               +--------+--------+--------+--------+--------+-----+--------+

Top non-repeatable levels by time:
       D: 4431 daAuts
